 Dungeon Crawl Stone Soup version 0.28-a0-514-g0d7ab7f379 (webtiles) character file.

Game seed: 15980813325468158605

282 siradein the Bolt Thrower (level 6, -2/35 HPs)
             Began as a Kobold Hunter on Sept 23, 2021.
             Was an Initiate of Dithmenos.
             Slain by a scorpion (5 damage)
             ... on level 4 of the Dungeon.
             The game lasted 00:23:15 (5463 turns).

siradein the Bolt Thrower (Kobold Hunter)           Turns: 5463, Time: 00:23:16

Health: -2/35      AC:  7    Str: 10    XL:     6   Next: 54%
Magic:  6/6        EV: 13    Int: 12    God:    Dithmenos [......]
Gold:   196        SH:  0    Dex: 15    Spells: 5/5 levels left

rFire   . . .      SeeInvis .   a - +1 hand crossbow
rCold   + . .      Faith    .   (shield restricted)
rNeg    . . .      Spirit   .   f - +0 ring mail {rC+}
rPois   +          Reflect  .   p - +1 hat
rElec   .          Harm     .   (no cloak)
rCorr   .          Rampage  .   t - +0 pair of gloves
Will    .....                   (no boots)
Stlth   +++.......              (no amulet)
HPRegen 0.11/turn               (no ring)
MPRegen 0.10/turn               (no ring)

@: lethally poisoned (-2 -> -7)
A: small, no large weapons, nightstalker 3, clumsy 1, poison resistance
a: Renounce Religion


You were on level 4 of the Dungeon.
You worshipped Dithmenos.
Dithmenos was noncommittal.
You visited 2 branches of the dungeon, and saw 5 of its levels.

You collected 196 gold pieces.

Inventory:

Hand Weapons
 a - a +1 hand crossbow (weapon)
 g - a +0 hunting sling
 j - a +1 vampiric dagger
Missiles
 d - 87 bolts (quivered ammo)
 i - 13 poisoned darts
 m - 52 stones
Armour
 f - a +0 ring mail of cold resistance (worn)
 p - a +1 hat (worn)
 t - a +0 pair of gloves (worn)
Wands
 o - a wand of paralysis (10)
Scrolls
 b - a scroll of silence
 c - a scroll of enchant armour
 e - 3 scrolls of teleportation
 k - a scroll of blinking {unknown}
 l - a scroll of enchant weapon
 q - a scroll of noise {unknown}
 r - a scroll of torment {unknown}
Potions
 h - a potion of haste {unknown}
 n - a potion of lignification
 s - a potion of brilliance {unknown}
 u - a potion of mutation


   Skills:
 - Level 2.1 Fighting
 + Level 2.2 Short Blades
 + Level 1.9(2.2) Slings
 + Level 6.9 Crossbows
 + Level 1.8(2.3) Throwing
 + Level 3.3 Dodging
 + Level 3.0 Stealth


You had 5 spell levels left.
You didn't know any spells.
Your spell library was empty.

Dungeon Overview and Level Annotations

Branches:
Dungeon (4/15)             Temple (1/1) D:4

Altars:
Ashenzari
Cheibriados
Dithmenos
Elyvilon
Hepliaklqana
Makhleb
Nemelex Xobeh
Ru
Sif Muna
Trog
Uskayaw
Vehumet
Wu Jian
Xom
Zin


Innate Abilities, Weirdness & Mutations

You are small and have problems with some larger weapons.
You are completely attuned to the shadows.
You are clumsy. (Dex -2)
Your system is resistant to poisons. (rPois)


Message History

Found a ring mail.
Found a stone staircase leading down.
There is a stone staircase leading down here.
Found a stone staircase leading up.
A scorpion comes into view.
A scorpion is nearby!
a - a +1 hand crossbow (weapon)
You shoot a bolt. The bolt barely misses the scorpion.
You shoot a bolt.
The bolt hits the scorpion but does no damage.
You feel a sense of dread.
j - a +1 vampiric dagger (weapon)
The scorpion misses you.
You hit the scorpion but do no damage.
The scorpion stings you but does no damage.
You hit the scorpion but do no damage. The scorpion stings you.
You hit the scorpion but do no damage. The scorpion closely misses you.
You hit the scorpion but do no damage. The scorpion stings you!
You hit the scorpion but do no damage. The scorpion stings you.
You hit the scorpion but do no damage. The scorpion stings you.
You are poisoned.
The scorpion poisons you!
You hit the scorpion but do no damage.
You feel very sick. The scorpion stings you!
* * * LOW HITPOINT WARNING * * *
You are too injured to fight recklessly!
You are too injured to fight recklessly!
You feel the dreadful sensation subside.
a - a +1 hand crossbow (weapon)
* * * LOW HITPOINT WARNING * * *
You feel sick. The scorpion stings you.
* * * LOW HITPOINT WARNING * * *
Fire: 88 bolts
Press: ? - help, Q - select action, (/) - cycle Shift-Dir - straight line, f/p - scorpion
Aim: a scorpion (67% to hit)
You shoot a bolt. The bolt barely misses the scorpion.
* * * LOW HITPOINT WARNING * * *
You feel sick. The scorpion stings you.
You die...

#.... ....#.# #####..
#.... #(#(# #.#.#
<##.#. #.... ...(
.... ##s## #######
#....
##.@.###.....#......
#....>##.###.#.#....
.....................
...P...[P..PP....PP..
...♣♣♣..P♣♣♣..P♣♣♣...
.. ♣...♣ ♣...♣ ♣P..
♣P..♣♣♣...♣♣♣...
....P.........
..............


You could see a scorpion.

Vanquished Creatures
  A bullfrog (D:4)
  A howler monkey (D:3)
  A jelly (D:4)
  Terence (D:2)
  A hound skeleton (D:4)
  2 adders
  3 gnolls (D:4)
  A worm (D:3)
  A dart slug (D:1)
  5 orcs
  6 bats
  8 endoplasms
  2 giant cockroaches (D:3)
  8 goblins
  2 hobgoblins
  4 quokkas
  4 ball pythons
  2 frilled lizards
  4 kobolds
  4 rats
  A spectral goblin (D:1)
62 creatures vanquished.

Vanquished Creatures (others)
  44 plants (D:4)
44 creatures vanquished.

Grand Total: 106 creatures vanquished

Notes
Turn   | Place    | Note
-------+----------+-------------------------------------------
     0 | D:1      | siradein the Kobold Hunter began the quest for the Orb.
     0 | D:1      | Reached XP level 1. HP: 12/12 MP: 1/1
    87 | D:1      | Reached skill level 5 in Crossbows
   648 | D:1      | Found a faded altar of an unknown god.
  1048 | D:1      | Reached XP level 2. HP: 17/17 MP: 2/2
  1628 | D:2      | Noticed Terence
  1646 | D:2      | Killed Terence
  1647 | D:2      | Reached skill level 6 in Crossbows
  1647 | D:2      | Reached XP level 3. HP: 10/21 MP: 3/3
  2097 | D:2      | Reached XP level 4. HP: 26/26 MP: 4/4
  3163 | D:3      | Reached skill level 1 in Short Blades
  3163 | D:3      | Reached skill level 1 in Slings
  3163 | D:3      | Reached XP level 5. HP: 25/30 MP: 5/5
  3480 | D:3      | Reached skill level 1 in Throwing
  3792 | D:3      | Found a sparkling altar of Nemelex Xobeh.
  3872 | D:3      | Gained mutation: Your system is resistant to poisons.
                  | (rPois) [potion of mutation]
  3872 | D:3      | Gained mutation: You are clumsy. (Dex -2) [potion of
                  | mutation]
  4283 | D:4      | Reached XP level 6. HP: 20/35 MP: 6/6
  4481 | D:4      | Found a staircase to the Ecumenical Temple.
  4488 | Temple   | Entered the Ecumenical Temple
  4785 | Temple   | Became a worshipper of Dithmenos the Shadowed
  5463 | D:4      | Slain by a scorpion

Illustrated notes

Levels and vault maps discovered:
D:1:      doesnt_arrival_eight_statues, layout_loops_cross,
          dreamdust_ecumenical_altar_drowned_temple, roderic_lattice_a
D:2:      layout_basic, uniq_terence
D:3:      layout_basic, nemelex_dance_club_becter
D:4:      layout_loops_cross, minmay_temple_entry_glass, grunt_ministairs_10,
          kennysheep_boxes
Temple:   minmay_temple_curvy_branch

Skill      XL: |  1  2  3  4  5  6 |
---------------+-------------------+-----
Crossbows      | 5 6 |  6.9
Short Blades   | 1 2 |  2.2
Slings         | 1 |  1.9
Stealth        | 2 3 |  3.0
Throwing       | 1 |  1.8
Dodging        | 3 |  3.3
Fighting       | |  2.1

Action                   |  1- 3 |  4- 6 || total
-------------------------+-------+-------++-------
Melee: Short sword       |    32 |       ||    32
       Dagger            |    34 |   120 ||   154
 Fire: Hand crossbow     |     4 |    10 ||    14
       Hunting sling     |     3 |    93 ||    96
Throw: Dart              |     3 |       ||     3
  Use: Scroll            |       |     6 ||     6
       Potion            |       |     1 ||     1
 Stab: Sleeping          |     7 |       ||     7
Armor: Ring mail         |     8 |    41 ||    49
Dodge: Dodged            |    34 |    92 ||   126

Table legend: (Time is in decaauts)
 A = Elapsed time spent in this place.
 B = Non-inter-level travel time spent in this place.
 C = Inter-level travel time spent in this place.
 D = Time resting spent in this place.
 E = Time spent auto-exploring this place.
 F = Levels seen in this place.
 G = Mean time per level.
                   A        B        C        D        E       F      G
               +--------+--------+--------+--------+--------+-----+--------+
         Total |   5464 |   5340 |    124 |    148 |   4342 |   5 | 1092.8 |
       Dungeon |   5142 |   5042 |    100 |    148 |   4070 |   4 | 1285.5 |
        Temple |    321 |    297 |     24 |      0 |    272 |   1 |  321.0 |
               +--------+--------+--------+--------+--------+-----+--------+

Top non-repeatable levels by time:
     D:1: 1614 daAuts
     D:4: 1189 daAuts
     D:3: 1170 daAuts
     D:2: 1168 daAuts
  Temple: 321 daAuts
